 Dungeon Crawl Stone Soup version 0.22-a0-159-g7ce444f (webtiles) character file.

3 4thArraOfDagon the Charlatan (level 1, -2/9 HPs)
             Began as a Felid Artificer on Feb 9, 2018.
             Slain by an adder (3 damage)
             ... on level 2 of the Dungeon.
             The game lasted 00:00:30 (135 turns).

4thArraOfDagon the Charlatan (Felid Artificer)       Turns: 135, Time: 00:00:31

Health: -2/9       AC:  1    Str:  6 (8)  XL:     1   Next: 41%
Magic:  4/4        EV: 18    Int: 11 (12) God:
Gold:   22         SH:  0    Dex: 14 (16) Spells: 0/0 levels left
                                        Lives:  0   Deaths: 0

rFire    . . .     SeeInvis +     - Unarmed
rCold    . . .     Gourm    .   (shield unavailable)
rNeg     . . .     Faith    .   (armour unavailable)
rPois    .         Spirit   .   (helmet unavailable)
rElec    .         Reflect  .   (cloak unavailable)
rCorr    .         Harm     .   (gloves unavailable)
MR       .....                  (boots unavailable)
Stlth    ++........             (no amulet)
HPRegen  0.03/turn              (no ring)
MPRegen  0.09/turn              (no ring)

@: quick
A: very small, no armour, no weapons or thrown items, stealth, claws 1, fangs 3,
see invisible, carnivore, speed 1, shaggy fur 1, slow metabolism 1, sharp paws
a: no special abilities


You were on level 2 of the Dungeon.
You were not hungry.

You visited 1 branch of the dungeon, and saw 2 of its levels.

You collected 22 gold pieces.

Inventory:

Wands
 a - a wand of flame (15)
 b - a wand of enslavement (15)
 c - a wand of random effects (15)
Scrolls
 e - a scroll of enchant weapon {unknown}
 g - a scroll of identify {unknown}
Comestibles
 d - a ration


   Skills:
 + Level 1.1 Fighting
 + Level 2.8 Dodging
 + Level 1.5 Stealth
 * Level 1.2 Unarmed Combat
 - Level 3.2 Evocations


You couldn't memorise any spells.
You didn't know any spells.

Dungeon Overview and Level Annotations

Branches:
Dungeon (2/15)

Altars:


Innate Abilities, Weirdness & Mutations

You cannot wear armour.
You are incapable of wielding weapons or throwing items.
Your paws allow you to move quietly. (Stealth)
You have sharp claws.
You have razor-sharp teeth.
You have supernaturally acute eyesight. (SInv)
You are carnivorous and can eat meat at any time.
You cover ground quickly.
You are covered in fur. (AC +1)
You have a slow metabolism.
Your sharp claws are effective at attacking unaware monsters.


Message History

The bat closely misses you.
Unknown command.
You closely miss the bat. The bat hits you. The bat closely misses you.
The hobgoblin closely misses you.
Unknown command.
You scratch the bat.
The bat is severely wounded.
The bat hits you. The hobgoblin hits you with a club.
Ouch! That really hurt!
* * * LOW HITPOINT WARNING * * *
Unknown command.
The bat barely misses you.
Unknown command.
The bat closely misses you. x2
Unknown command.
It was a potion of degeneration.
There was something very wrong with that liquid.
You feel weakened.
You feel dopey.
You feel clumsy. The bat barely misses you. The adder bites you.
You die...

.....
!(.^.
......
......
......#
.......
.......###
#...b<##
#.#..@.#
#...S#.#
#....#g#
#....'.#
#....###
#>...#
#....#
#....#
#....#


You could see an adder, a hobgoblin and a bat.

Vanquished Creatures
  A goblin (D:1)
  A frilled lizard (D:2)
  2 rats (D:1)
4 creatures vanquished.

Notes
Turn   | Place    | Note
-------+----------+-------------------------------------------
     0 | D:1      | 4thArraOfDagon the Felid Artificer began the quest for the Orb.
     0 | D:1      | Reached XP level 1. HP: 9/9 MP: 4/4
   135 | D:2      | Slain by an adder

Vault maps used:
D:1:      giann_horns, minmay_gold_behind_fungi
D:2:      first_ration, chequers_ecumenical_altar_simple, uniq_sigmund,
          uniq_robin

Action                   || total
-------------------------++-------
Melee: Unarmed           ||    10
  Use: Potion            ||     1
 Stab: Sleeping          ||     3
  Eat: Chunk             ||     1
Armor: Skin              ||     1
Dodge: Dodged            ||    13

Table legend:
 A = Spawn XP
 B = Non-spawn XP
 C = Spawn XP percentage of total XP
 D = Spawn monster count
 E = Non-spawn monster count
 F = Spawn count percentage of total count
 G = Total turns spent on level
                    A         B        C        D         E        F      G
               +---------+---------+-------+---------+---------+-------+---------
         Total |       0 |       5 |   0.0 |       0 |       4 |   0.0 |   135
               +---------+---------+-------+---------+---------+-------+---------
           D:1 |       0 |       4 |   0.0 |       0 |       3 |   0.0 |   120
           D:2 |       0 |       1 |   0.0 |       0 |       1 |   0.0 |    15
               +---------+---------+-------+---------+---------+-------+---------
